 Dungeon Crawl Stone Soup version 0.28-a0-1524-ge72afd5fc6 (webtiles) character file.

Game seed: 17885879850265015340

18 horus123 the Skirmisher (level 2, 0/25 HPs)
             Began as a Human Monk on Jan 18, 2022.
             Slain by a quokka (2 damage)
             ... on level 1 of the Dungeon.
             The game lasted 00:01:36 (756 turns).

horus123 the Skirmisher (Human Monk)                 Turns: 756, Time: 00:01:36

Health: 0/25       AC:  2    Str: 11    XL:     2   Next: 85%
Magic:  2/2        EV: 13    Int: 10    God:
Gold:   0          SH:  0    Dex: 15    Spells: 1/1 levels left

rFire   . . .      SeeInvis .   a - +0 mace
rCold   . . .      Faith    .   (no shield)
rNeg    . . .      Spirit   .   b - +0 robe
rPois   .          Reflect  .   (no helmet)
rElec   .          Harm     .   (no cloak)
rCorr   .          Rampage  .   (no gloves)
Will    .....                   (no boots)
Stlth   ++........              (no amulet)
HPRegen 0.08/turn               (no ring)
MPRegen 0.08/turn               (no ring)

@: no status effects
A: no striking features
a: no special abilities


You were on level 1 of the Dungeon.
You visited 1 branch of the dungeon, and saw 1 of its levels.

Inventory:

Hand Weapons
 a - a +0 mace (weapon)
Armour
 b - a +0 robe (worn)
Potions
 c - a potion of curing {unknown}


   Skills:
 + Level 3.9 Fighting
 - Level 3.0 Maces & Flails
 - Level 3.0 Dodging
 - Level 2.0 Stealth


You had one spell level left.
You didn't know any spells.
Your spell library was empty.

Dungeon Overview and Level Annotations

Branches:
Dungeon (1/15)

Altars:


Message History

Things that are here:
a +0 dagger; a hobgoblin corpse The quokka bites you.
* * * LOW HITPOINT WARNING * * *
Things that are here:
a +0 dagger; a kobold corpse The quokka closely misses you.
The quokka closely misses you.
Found 14 arrows.
The quokka barely misses you.
The quokka bites you but does no damage.
The quokka misses you.
You see here a book of the Moon.
The quokka barely misses you.
The quokka bites you but does no damage.
The quokka bites you.
* * * LOW HITPOINT WARNING * * *
The quokka bites you.
* * * LOW HITPOINT WARNING * * *
Things that are here:
a +0 dagger; a kobold corpse
Things that are here:
a +0 dagger; a hobgoblin corpse
Things that are here:
a +0 dagger; a hobgoblin corpse The quokka bites you.
* * * LOW HITPOINT WARNING * * *
You miss the quokka. The quokka bites you.
* * * LOW HITPOINT WARNING * * *
You hit the quokka.
The quokka is moderately wounded.
The quokka bites you but does no damage.
The quokka barely misses you.
You hit the quokka but do no damage.
The quokka is moderately wounded.
The quokka barely misses you.
You closely miss the quokka.
The quokka is moderately wounded.
The quokka closely misses you. The quokka bites you.
You die...

....####..............###
..................#.....####
........#...#..............#
##.....##......##..........#
............#####..........#
...........................#
...........##..##.........##
.##........###.##.........#
.............))r@........##
..............###.........#
...##.........# #.....)...#
...##.....)...# #.....รท...#
##............# #.........#
###.......(...# #.........#
....#.........# ##.......##
......###.###### ##.....##
.......##..#.>.# ####.####


You could see a quokka.

Vanquished Creatures
  2 endoplasms (D:1)
  3 goblins (D:1)
  5 hobgoblins (D:1)
  A ball python (D:1)
  A bat (D:1)
  2 kobolds (D:1)
  A rat (D:1)
15 creatures vanquished.

Notes
Turn   | Place    | Note
-------+----------+-------------------------------------------
     0 | D:1      | horus123 the Human Monk began the quest for the Orb.
     0 | D:1      | Reached XP level 1. HP: 18/18 MP: 1/1
   379 | D:1      | Reached XP level 2. HP: 20/24 MP: 2/2
   753 | D:1      | HP: 1/25 [quokka (2)]
   756 | D:1      | Slain by a quokka

Illustrated notes

Levels and vault maps discovered:
D:1:      kilobyte_arrival_exit_the_forest, layout_rooms

Action                   || total
-------------------------++-------
Melee: Mace              ||    48
 Stab: Sleeping          ||     1
Armor: Robe              ||     6
Dodge: Dodged            ||    59

Table legend: (Time is in decaauts)
 A = Elapsed time spent in this place.
 B = Non-inter-level travel time spent in this place.
 C = Inter-level travel time spent in this place.
 D = Time resting spent in this place.
 E = Time spent auto-exploring this place.
 F = Levels seen in this place.
 G = Mean time per level.
                   A        B        C        D        E       F      G
               +--------+--------+--------+--------+--------+-----+--------+
         Total |    773 |    773 |      0 |     64 |    466 |   1 |  773.0 |
       Dungeon |    773 |    773 |      0 |     64 |    466 |   1 |  773.0 |
               +--------+--------+--------+--------+--------+-----+--------+

Top non-repeatable levels by time:
     D:1: 773 daAuts
